Map: Snowy Mesa

Players

TimeTwist

  • Race: Zerg Zerg
  • Spawn Location: 6:00

Loken - Winner!

  • Race: Zerg Zerg
  • Spawn Location: 12:00

FrogMint - Winner!

  • Race: Zerg Zerg
  • Spawn Location: 12:00

dallaskuken

  • Race: Protoss Protoss
  • League: Gold
  • Spawn Location: 6:00

VOD

Have the link to the VOD?

Description

Time

  • Played on: March 10, 2017, 9:13 a.m.
  • Length: 12:22
Show
View Real Time Build Order
Export as new Build Order

TimeTwist Zerg 

Build Orders: Pool First 

Get SALT Encoding   

  12  0:01  Drone  
  13  0:08  Drone  
  14  0:20  Overlord  
  14  0:26  Drone, Extractor  
  14  0:38  Drone  
  14  0:39  Drone  
  16  0:44  Drone  
  17  0:53  Spawning Pool  
  17  0:55  Drone  
  17  1:05  Drone  
  18  1:17  Drone  
  19  1:27  Overlord  
  19  1:35  Hatchery  
  18  1:42  Queen  
  20  1:50  Metabolic Boost  
  20  1:56  Zergling x2  
  20  1:57  Zergling x2  
  22  2:04  Zergling x2  
  23  2:12  Zergling x2  
  24  2:17  Queen  
  24  2:21  Overlord  
  26  2:37  Zergling x2  
  27  2:47  Queen  
  27  2:49  Zergling x4  
  31  2:59  Drone x4  
  35  3:17  Drone  
  36  3:21  Drone  
  36  3:22  Drone x4  
  40  3:49  Drone x4  
  40  3:51  Overlord  
  40  3:52  Overlord  
  44  3:55  Extractor  
  44  3:58  Lair  
  43  4:21  Drone x5  
  48  4:30  Drone x3  
  51  4:41  Zergling x4  
  51  4:42  Zergling x6  
  56  4:58  Overlord  
  56  5:02  Spire  
  55  5:15  Baneling Nest  
  54  5:29  Nydus Network  
  53  5:36  Drone  
  54  5:53  Hatchery  
  54  5:56  Hatchery  
  52  6:08  Hatchery  
  52  6:11  Baneling x5  
  51  6:12  Baneling x3  
  51  6:28  Nydus Canal  
  51  6:33  Zergling x10  
  51  6:34  Zergling x8  
  53  7:11  Drone  
  53  7:12  Extractor  
  45  7:41  Drone x3  
  45  7:42  Extractor  
  47  7:59  Nydus Canal  
  47  8:04  Baneling x5  
  47  8:05  Baneling x4  
  47  8:06  Zergling x4  
  49  8:17  Roach Warren  
  48  8:23  Infestation Pit  
  30  8:42  Zergling x10  
  30  8:52  Mutalisk x3  
  30  8:53  Mutalisk x2  
  39  9:06  Mutalisk  
  36  9:21  Mutalisk  
  36  9:40  Mutalisk  
  36  9:42  Overlord x2  
  36  9:43  Overlord  
  36  9:44  Zergling x4  
  36  9:45  Zergling x12  
  45  9:52  Zergling x8  
  44  10:13  Nydus Canal  
  44  10:18  Mutalisk  
  46  10:34  Hatchery  
  33  10:58  Zergling x14  
  40  11:22  Zergling x4  
  40  11:23  Zergling x2  
  39  11:36  Zergling x6  
  42  11:46  Zergling x10  
  42  11:47  Zergling x4  
Show
View Real Time Build Order
Export as new Build Order

Loken Zerg - Winner!

Build Orders: Pool First 

Get SALT Encoding   

  12  0:01  Drone  
  13  0:09  Drone  
  14  0:17  Overlord  
  14  0:36  Drone  
  14  0:37  Drone x2  
  17  0:47  Spawning Pool  
  16  0:52  Drone  
  17  0:57  Extractor  
  17  0:59  Drone  
  17  1:10  Drone  
  18  1:25  Drone  
  19  1:34  Queen  
  19  1:36  Roach Warren  
  19  1:37  Drone  
  21  1:41  Overlord  
  21  1:52  Zergling x2  
  22  2:09  Queen  
  24  2:18  Roach x2  
  28  2:29  Roach  
  30  2:38  Overlord  
  30  2:46  Overlord x2  
  30  2:55  Hatchery  
  29  3:01  Drone x2, Extractor  
  30  3:08  Roach  
  32  3:14  Lair  
  32  3:18  Roach x2  
  36  3:21  Roach  
  38  3:28  Roach  
  39  3:59  Drone x5  
  44  4:23  Metabolic Boost  
  44  4:32  Drone  
  44  4:33  Drone x7  
  52  5:08  Hydralisk Den  
  51  5:45  Hydralisk  
  51  5:46  Hydralisk x3  
  51  5:48  Overlord  
  59  5:50  Hatchery  
  59  5:51  Hatchery  
  59  5:53  Overlord  
  59  5:56  Hatchery  
  56  6:05  Muscular Augments  
  49  7:00  Drone  
  49  7:01  Drone x11  
  32  7:02  Drone x3  
  42  7:29  Drone x7  
  49  7:42  Drone  
  49  7:43  Drone x3  
  53  8:16  Drone  
  53  8:17  Drone x9  
  53  8:18  Drone  
  48  8:43  Drone  
  48  8:44  Drone x12  
  61  9:16  Drone x6  
  61  9:17  Drone x5  
  72  9:25  Hydralisk  
  66  9:55  Hydralisk  
  66  9:56  Hydralisk x8  
  78  10:20  Zergling x2  
  79  10:21  Zergling x24  
  79  10:22  Zergling x6  
  86  10:29  Overlord  
  86  10:30  Overlord  
  80  11:00  Zergling x2  
  80  11:01  Zergling x26  
  94  11:08  Extractor  
  94  11:09  Extractor  
  94  11:10  Extractor  
  91  11:11  Extractor  
  86  11:32  Zergling x22  
  75  12:03  Zergling x2  
  75  12:04  Zergling x26  
Show
View Real Time Build Order
Export as new Build Order

FrogMint Zerg - Winner!

Build Orders: Hatch First 

Get SALT Encoding   

  12  0:02  Drone  
  13  0:11  Drone  
  14  0:18  Overlord  
  14  0:36  Drone x2  
  14  0:38  Drone  
  17  1:03  Hatchery  
  16  1:12  Spawning Pool  
  16  1:14  Drone  
  16  1:15  Extractor  
  16  1:16  Drone  
  16  1:21  Drone  
  17  1:26  Drone  
  18  1:37  Drone  
  19  1:48  Drone  
  20  2:01  Queen  
  20  2:05  Overlord  
  22  2:16  Metabolic Boost  
  22  2:18  Zergling x2  
  22  2:20  Queen  
  26  2:22  Zergling x2  
  26  2:29  Drone  
  27  2:39  Drone  
  28  2:47  Roach Warren  
  28  2:48  Drone x3  
  30  2:55  Extractor  
  30  2:57  Drone  
  30  2:58  Overlord  
  30  3:04  Spine Crawler  
  29  3:08  Zergling x2  
  29  3:09  Zergling x2  
  31  3:20  Drone x3  
  31  3:24  Drone x2  
  36  3:33  Zergling x8  
  36  3:42  Zergling x4  
  38  3:49  Overlord x2  
  38  4:02  Drone x2  
  40  4:03  Queen  
  40  4:09  Drone  
  43  4:14  Lair  
  43  4:18  Zergling x4  
  43  4:19  Zergling x2  
  46  4:26  Roach  
  46  4:27  Roach  
  50  4:41  Zergling x10  
  55  4:51  Roach  
  57  5:00  Roach  
  57  5:04  Overlord x3  
  59  5:28  Pneumatized Carapace  
  59  5:31  Glial Reconstitution  
  59  5:38  Spore Crawler  
  58  5:48  Spore Crawler  
  57  5:50  Spore Crawler  
  56  5:58  Overseer  
  56  6:00  Roach  
  56  6:01  Roach x5  
  68  6:10  Hydralisk Den  
  67  6:12  Burrow  
  67  6:26  Ravager  
  67  6:27  Ravager  
  67  6:28  Ravager  
  67  6:29  Ravager  
  67  6:30  Overlord x3  
  71  6:41  Hydralisk  
  71  6:42  Roach, Hydralisk  
  77  6:53  Hatchery, Hydralisk  
  78  7:01  Zergling x4  
  78  7:02  Zergling x6  
  72  7:35  Hydralisk  
  74  8:08  Roach  
  74  8:10  Overlord x3  
  76  8:15  Extractor x2  
  74  8:23  Extractor  
  74  8:24  Extractor  
  63  8:59  Drone x3  
  57  9:03  Queen  
  57  9:06  Zergling x4  
  57  9:07  Zergling x2  
  59  9:11  Drone x2  
  59  9:12  Drone  
  54  9:25  Spore Crawler  
  54  9:31  Spore Crawler  
  37  9:32  Spore Crawler  
  37  9:33  Spore Crawler  
  31  9:45  Roach, Hydralisk x2  
  35  10:04  Hydralisk  
  37  10:15  Drone x3  
  40  10:31  Zergling x2  
  40  10:32  Zergling x24  
  49  11:05  Drone  
  49  11:06  Roach, Zergling x2  
  49  11:07  Zergling x12  
  59  11:16  Hydralisk  
  61  11:25  Hydralisk  
  62  11:42  Zergling x2, Hydralisk  
  62  11:43  Hydralisk x7  
  76  11:51  Drone x3  
  76  11:52  Drone  
Show
View Real Time Build Order
Export as new Build Order

dallaskuken Protoss 

Build Orders:  

Get SALT Encoding   

  12  0:02  Probe (Chrono Boost)  
  13  0:13  Probe (Chrono Boost)  
  14  0:23  Probe (Chrono Boost)  
  15  0:31  Pylon  
  15  0:49  Probe (Chrono Boost)  
  16  0:50  Gateway  
  16  0:59  Probe (Chrono Boost)  
  17  1:13  Probe (Chrono Boost)  
  17  1:16  Assimilator  
  18  1:23  Pylon, Probe (Chrono Boost)  
  19  1:34  Probe (Chrono Boost)  
  20  1:44  Probe (Chrono Boost)  
  21  1:49  Zealot  
  21  1:53  Cybernetics Core  
  23  1:58  Pylon  
  23  2:06  Forge  
  23  2:13  Probe (Chrono Boost)  
  23  2:15  Assimilator  
  24  2:18  Zealot  
  24  2:21  Warp Gate  
  26  2:23  Probe (Chrono Boost)  
  27  2:35  Probe (Chrono Boost)  
  28  2:49  Photon Cannon  
  28  2:57  Photon Cannon  
  28  2:58  Photon Cannon  
  29  3:28  Probe (Chrono Boost)  
  29  3:32  Robotics Facility  
  29  3:34  Pylon  
  29  3:36  Pylon  
  29  3:40  Probe (Chrono Boost)  
  30  3:42  Nexus  
  30  3:56  Gateway  
  30  4:01  Gateway  
  30  4:20  Observer  
  31  4:50  Sentry  
  33  5:05  Probe (Chrono Boost)  
  34  5:12  Stalker x2  
  38  5:16  Probe (Chrono Boost)  
  39  5:24  Warp Prism  
  39  5:26  Probe (Chrono Boost)  
  42  5:37  Probe (Chrono Boost)  
  43  5:48  Probe (Chrono Boost)  
  44  5:52  Pylon  
  44  5:58  Probe (Chrono Boost)  
  45  6:04  Assimilator  
  45  6:08  Assimilator  
  45  6:09  Probe (Chrono Boost)  
  46  6:16  Zealot  
  46  6:17  Gateway, Zealot x2  
  46  6:18  Gateway  
  52  6:19  Gateway, Probe (Chrono Boost)  
  53  6:30  Probe (Chrono Boost)  
  54  6:39  Zealot x2  
  58  6:40  Zealot  
  60  7:10  Stalker x3  
  64  7:16  Photon Cannon  
  64  7:18  Photon Cannon  
  51  7:31  Probe (Chrono Boost)  
  48  7:42  Probe (Chrono Boost)  
  49  7:52  Probe (Chrono Boost)  
  50  8:03  Probe (Chrono Boost)  
  50  8:21  Stargate  
  50  8:23  Stargate, Probe (Chrono Boost)  
  51  8:34  Probe (Chrono Boost)  
  52  8:44  Probe (Chrono Boost)  
  52  8:46  Stalker x5  
  63  8:55  Probe (Chrono Boost)  
  48  9:03  Stalker  
  48  9:05  Probe (Chrono Boost)  
  49  9:12  Stalker x3  
  49  9:43  Pylon  
  49  9:44  Pylon  
  47  9:45  Pylon  
  36  10:31  Pylon  
  36  10:33  Pylon  
  36  10:41  Probe (Chrono Boost)  
  37  10:46  Pylon  
  37  10:50  Zealot x2  
  37  10:51  Probe (Chrono Boost)  
  42  10:58  Void Ray x2  
  50  11:09  Forge  
  50  11:11  Gateway  
  50  11:15  Gateway  
  50  11:18  Pylon  
  50  11:25  Pylon  
  50  11:27  Zealot x2  
  50  11:28  Zealot x2  
  54  11:35  Void Ray  
  53  11:48  Zealot x2  
  53  11:49  Zealot x2  
Tags
 
Add a new tag
Caveats
  • Supply blocks, unpowered buildings, or Contaminate may cause inaccurate times.
  • Supply counts are checked every 10 seconds.